 Dungeon Crawl Stone Soup version 0.27-a0-1228-gfd60fd639a (webtiles) character file.

Game seed: 5755259005438913415

24336 Shayle the Fighter (level 13, -17/144 HPs)
             Began as an Ogre Warper on June 7, 2021.
             Was a High Priest of the Shining One.
             Demolished by a sun demon (18 damage)
             ... summoned by an orc sorcerer
             ... while paralysed by an orc sorcerer
             ... on level 2 of the Orcish Mines.
             The game lasted 00:55:02 (25228 turns).

Shayle the Fighter (Ogre Warper)                   Turns: 25228, Time: 00:55:03

Health: -17/144    AC:  9    Str: 18    XL:     13   Next: 12%
Magic:  20/20      EV:  1    Int: 24    God:    the Shining One [*****.]
Gold:   1158       SH:  0    Dex:  8    Spells: 6/16 levels left

rFire    . . .     SeeInvis .   y - +0 giant spiked club
rCold    . . .     Faith    .   (shield currently unavailable)
rNeg     + + .     Spirit   .   J - +0 steam dragon scales
rPois    .         Reflect  +   (helmet restricted)
rElec    .         Harm     .   Q - +2 cloak
rCorr    .         Rampage  .   (gloves unavailable)
Will     +....                  (boots unavailable)
Stlth    +.........             d - amulet of reflection
HPRegen  0.34/turn              x - +6 ring of intelligence
MPRegen  0.17/turn              F - +4 ring of slaying

@: paralysed, glowing
A: large, unfitting armour, tough skin 1
a: Renounce Religion, Divine Shield, Cleansing Flame, Summon Divine Warrior


You were on level 2 of the Orcish Mines.
You worshipped the Shining One.
The Shining One was extremely pleased with you.
You visited 4 branches of the dungeon, and saw 18 of its levels.
You also visited: Volcano.

You collected 1158 gold pieces.

Inventory:

Hand Weapons
 a - a +0 spear
 e - a +2 rapier of flaming
 i - a +3 vorpal flail
 j - a +2 dagger of venom
 m - a +4 vorpal club
 q - a +2 short sword of electrocution
 y - a +0 giant spiked club (weapon)
 L - a +1 battleaxe of flaming
Missiles
 h - 11 javelins
 v - 68 poisoned darts
 A - 6 boomerangs
 G - 2 large rocks (quivered)
 H - a curare-tipped dart
Armour
 b - a +1 robe
 I - a +0 troll leather armour
 J - +0 steam dragon scales (worn)
 Q - a +2 cloak (worn)
Jewellery
 c - a ring of protection from cold
 d - an amulet of reflection (around neck)
 k - an amulet of faith
 n - a ring of protection from fire
 x - a +6 ring of intelligence (left hand)
 B - a ring of ice
 F - a +4 ring of slaying (right hand)
Wands
 z - a wand of flame (45)
 C - a wand of iceblast (41)
 E - a wand of charming (22)
Scrolls
 g - 4 scrolls of teleportation
 r - a scroll of holy word
 s - 4 scrolls of enchant armour
 w - 2 scrolls of immolation
 O - a scroll of blinking
 P - a scroll of enchant weapon
Potions
 f - a potion of might
 l - 4 potions of flight
 o - a potion of mutation
 p - 3 potions of brilliance
 t - a potion of curing
 u - 2 potions of lignification
 D - a potion of degeneration {unknown}
 K - 3 potions of resistance
 M - 3 potions of haste
 N - a potion of ambrosia {unknown}


   Skills:
 + Level 13.1 Fighting
 + Level 10.5 Polearms
 - Level 1.0 Throwing
 + Level 9.7 Dodging
 - Level 2.4 Spellcasting
 + Level 8.9 Translocations
 + Level 10.0 Invocations


You had 6 spell levels left.
You knew the following spells:

 Your Spells              Type           Power      Damage    Failure   Level
a - Blink                 Tloc           N/A        N/A       1%          2
b - Teleport Other        Tloc           45%        N/A       1%          3
c - Manifold Assault      Tloc           45%        N/A       9%          5

Your spell library contained the following spells:

 Spells                   Type           Power      Damage    Failure   Level
 Gell's Gravitas          Tloc           22%        N/A       1%          3
 Lesser Beckoning         Tloc           22%        N/A       1%          3
 Magic Dart               Conj           8%         1d3       12%         1
 Searing Ray              Conj           4%         3d3       17%         2
 Iskenderun's Mystic Bla  Conj/Tloc      24%        2d7       19%         4
 Dazzling Flash           Conj/Hex       4%         N/A       34%         3
 Fulminant Prism          Conj/Hex       1%         3d6       75%         4
 Ice Form                 Ice/Tmut       2%         N/A       75%         4
 Summon Ice Beast         Ice/Summ       2%         N/A       75%         4
 Freezing Cloud           Conj/Ice/Air   1%         6-21      100%        6
 Simulacrum               Ice/Necr       1%         N/A       100%        6
 Ozocubu's Refrigeration  Ice            1%         4d5       100%        7


Dungeon Overview and Level Annotations

Branches:
Dungeon (12/15)            Temple (1/1) D:4            Lair (3/6) D:9
    Orc (2/2) D:12        Volcano (visited)
  Swamp: Lair:2-4    Shoals: Lair:2-4     Snake: Lair:2-4    Spider: Lair:2-4
    Elf: Orc:2

Altars:
Dithmenos
Elyvilon
Fedhas
Hepliaklqana
Makhleb
Sif Muna
Trog
Vehumet
Xom
Yredelemnul
The Shining One

Shops:
D:5 (   D:8 [   D:12 [   Orc:1 (

Annotations:
D:2 1 runed translucent door, Crazy Yiuf
D:5 3 runed translucent doors, robertstho's ghost, weakling KoDe
D:7 2 transporters, CowFu's ghost, novice DDBe
Lair:2 3 runed translucent doors


Innate Abilities, Weirdness & Mutations

You are too large for most types of armour.
You have tough skin. (AC +1)


Message History

The orc sorcerer casts a spell at you.
You easily resist.
Things that are here:
a +0 leather armour; a +0 club; an orc skeleton You closely miss the orc sorcerer.
The orc sorcerer hits you with a +0 dagger!
The orc sorcerer barely misses you.
You hit the orc sorcerer.
The orc sorcerer is lightly wounded.
You block the orc sorcerer's attack. x2
You closely miss the orc sorcerer.
The orc sorcerer is lightly wounded.
The orc sorcerer hits you but does no damage.
The orc sorcerer hits you with a +0 dagger.
You barely miss the orc sorcerer.
The orc sorcerer is lightly wounded.
The orc sorcerer casts a spell.
The orc sorcerer gestures at you while chanting.
You easily resist.
You hit the orc sorcerer.
The orc sorcerer is moderately wounded.
The orc sorcerer points at you and mumbles some strange words.
You suddenly lose the ability to move!
The orc sorcerer hits you with a +0 dagger.
The sun demon hits you!
You are engulfed in flames!!
The orc sorcerer hits you with a +0 dagger.
The sun demon hits you!
You are engulfed in flames!
The orc sorcerer hits you with a +0 dagger.
The sun demon hits you.
You are engulfed in flames!
The orc sorcerer casts a spell at you. The bolt of fire hits you!!
* * * LOW HITPOINT WARNING * * *
The sun demon hits you.
* * * LOW HITPOINT WARNING * * *
You are engulfed in flames!
* * * LOW HITPOINT WARNING * * *
The sun demon hits you!
* * * LOW HITPOINT WARNING * * *
You are engulfed in flames!!
You die...

......... .........##
..........# ##
..#....$....# ####.##
............###.#...#
..............#.....#
............[###....#
.$........3o.[..)<..#.##
..........$@...........#
...........##......##.##
#......[[..##.......# #
.......)<[##.......##
.......[)#.##.....##
.#..........#.....#
##################


You could see a sun demon (summoned) and an orc sorcerer.

Vanquished Creatures
  2 hydras
  A centaur warrior (D:12)
  2 two-headed ogres
  A fire crab (Volcano)
  2 deep elf pyromancers
  A lindwurm (Volcano)
  A black mamba (Lair:1)
  Joseph (D:7)
  2 centaur zombies
  A molten gargoyle (Volcano)
  2 gargoyles
  Psyche (D:8)
  8 komodo dragons
  A cane toad (Lair:2)
  A tengu conjurer (D:9)
  3 trolls
  3 blink frogs (Lair:1)
  Grinder (D:6)
  A slime creature (D:12)
  A meliai zombie (D:11)
  2 shadows
  A vampire (D:11)
  A wyvern (Lair:1)
  A wraith (D:11)
  24 yaks
  11 fire bats
  4 steam dragons
  Menkaure (D:7)
  A warg (D:12)
  2 acid dragons
  6 water moccasins
  Duvessa (D:6)
  10 orc warriors
  3 black bears
  3 necrophages
  6 centaurs
  An ogre (Orc:2)
  2 kobold brigands (D:8)
  3 bullfrogs
  2 wyvern zombies (D:9)
  Dowan (D:6)
  A gnoll sergeant (D:8)
  2 scorpions
  2 howler monkeys
  6 wights
  3 bullfrog zombies (D:5)
  7 lava snakes (Volcano)
  A hound (D:6)
  A gnoll shaman (D:7)
  13 orc priests
  2 jellies
  A centaur skeleton (D:4)
  An iguana (D:4)
  Jessica (D:2)
  7 orc wizards
  A killer bee zombie (D:8)
  A hound skeleton (D:4)
  A hound zombie (D:5)
  A howler monkey zombie (D:5)
  Robin (D:1)
  9 gnolls
  6 adders
  8 river rats (D:5)
  2 dart slugs
  41 orcs
  4 ball pythons
  4 endoplasms
  A giant cockroach (D:1)
  9 hobgoblins
  4 jackals (D:4)
  7 quokkas (D:5)
  4 bats
  3 frilled lizards (D:1)
  19 goblins
  10 kobolds
  24 rats
330 creatures vanquished.

Vanquished Creatures (collateral kills)
  7 yaks (D:10)
7 creatures vanquished.

Vanquished Creatures (others)
  An acid dragon (D:9)
  21 fungi
  6 plants
28 creatures vanquished.

Grand Total: 365 creatures vanquished

Notes
Turn   | Place    | Note
-------+----------+-------------------------------------------
     0 | D:1      | Shayle the Ogre Warper began the quest for the Orb.
     0 | D:1      | Reached XP level 1. HP: 22/22 MP: 3/3
    62 | D:1      | Found a faded altar of an unknown god.
    79 | D:1      | Reached skill level 3 in Fighting
   107 | D:1      | Reached XP level 2. HP: 28/31 MP: 5/5
   961 | D:1      | Reached XP level 3. HP: 36/37 MP: 6/6
  1232 | D:2      | Noticed Jessica
  1252 | D:1      | Learned a level 2 spell: Blink
  1256 | D:1      | Learned a level 3 spell: Teleport Other
  1265 | D:2      | Killed Jessica
  1313 | D:2      | Reached XP level 4. HP: 37/48 MP: 7/7
  1606 | D:2      | Reached skill level 4 in Fighting
  1925 | D:2      | Found a runed translucent door.
  1926 | D:2      | Noticed Crazy Yiuf
  2146 | D:2      | Noticed Robin
  2157 | D:1      | Killed Robin
  2275 | D:1      | Reached XP level 5. HP: 31/54 MP: 8/8
  3242 | D:3      | Found a hazy altar of Hepliaklqana.
  3404 | D:3      | Found a shimmering altar of Xom.
  3404 | D:3      | Found a glowing golden altar of the Shining One.
  3411 | D:3      | Became a worshipper of the Shining One
  3934 | D:4      | Noticed a black bear
  4023 | D:4      | Noticed a necrophage
  4044 | D:4      | Killed a necrophage
  4045 | D:4      | Reached skill level 5 in Fighting
  4045 | D:4      | Reached XP level 6. HP: 21/65 MP: 9/9
  4327 | D:4      | Found a staircase to the Ecumenical Temple.
  4343 | Temple   | Entered the Ecumenical Temple
  4374 | D:4      | Killed a black bear
  4398 | D:4      | Noticed a necrophage
  4409 | D:4      | Killed a necrophage
  4410 | D:4      | Reached skill level 6 in Fighting
  4410 | D:4      | Reached XP level 7. HP: 61/75 MP: 10/10
  5184 | D:5      | Entered Level 5 of the Dungeon
  5288 | D:5      | Reached * piety under the Shining One
  5300 | D:5      | Reached skill level 5 in Polearms
  5537 | D:5      | Found a runed translucent gate.
  5537 | D:5      | Found a runed translucent gate.
  5537 | D:5      | Found a runed translucent gate.
  5540 | D:5      | Noticed robertstho's ghost (weakling KoDe)
  5585 | D:5      | Found Adeep's Weapon Boutique.
  6532 | D:5      | Reached ** piety under the Shining One
  6540 | D:5      | Reached skill level 5 in Dodging
  6550 | D:5      | Reached skill level 1 in Invocations
  6550 | D:5      | Reached XP level 8. HP: 81/84 MP: 11/11
  7033 | D:6      | Reached skill level 7 in Fighting
  7461 | D:6      | Noticed Grinder
  7468 | D:6      | Paralysed by Grinder for 4 turns
  7473 | D:6      | Killed Grinder
  7849 | D:6      | Found a basalt altar of Yredelemnul.
  7849 | D:6      | Noticed Duvessa
  7854 | D:6      | Noticed Dowan
  7856 | D:6      | Killed Duvessa
  7900 | D:6      | Killed Dowan
  7994 | D:7      | Found a transporter.
  8411 | D:7      | Noticed Joseph
  8524 | D:6      | Reached XP level 9. HP: 62/96 MP: 12/12
  8658 | D:6      | Learned a level 5 spell: Manifold Assault
  8674 | D:6      | Reached skill level 8 in Fighting
  8946 | D:7      | Killed Joseph
  9288 | D:7      | Found a transporter.
  9288 | D:7      | Noticed CowFu's ghost (novice DDBe)
  9288 | D:7      | Noticed a tengu warrior
  9302 | D:7      | Noticed Menkaure
  9655 | D:8      | Found a radiant altar of Vehumet.
 10400 | D:8      | Found Ylol Juwk's Armour Shoppe.
 10950 | D:8      | Noticed Psyche
 10955 | D:8      | Killed Psyche
 10956 | D:8      | Reached skill level 9 in Fighting
 10956 | D:8      | Reached skill level 5 in Translocations
 10956 | D:8      | Reached skill level 5 in Invocations
 11236 | D:8      | Reached XP level 10. HP: 75/107 MP: 13/13
 11396 | D:8      | Reached *** piety under the Shining One
 12261 | D:7      | You fall into a shaft and drop 1 floor!
 12597 | D:7      | Killed Menkaure
 12806 | D:7      | Found a white marble altar of Elyvilon.
 12965 | D:9      | Noticed a deep elf pyromancer
 13314 | D:9      | Found a blossoming altar of Fedhas.
 13314 | D:9      | Found a bloodstained altar of Trog.
 13440 | D:10     | Entered Level 10 of the Dungeon
 14504 | D:10     | Reached skill level 10 in Fighting
 14823 | D:9      | Killed a deep elf pyromancer
 15694 | D:9      | Reached **** piety under the Shining One
 15783 | D:9      | Found a staircase to the Lair.
 15869 | D:9      | Reached XP level 11. HP: 119/119 MP: 16/16
 15895 | Lair:1   | Entered Level 1 of the Lair of Beasts
 16146 | Lair:1   | Reached skill level 11 in Fighting
 16177 | Lair:1   | Found a dark tunnel.
 16203 | Volcano  | Entered a volcano
 16544 | Volcano  | Found a burning altar of Makhleb.
 16544 | Volcano  | Noticed a lindwurm
 16561 | Volcano  | Killed a lindwurm
 16640 | Volcano  | Noticed a fire crab
 16657 | Volcano  | Killed a fire crab
 17696 | D:10     | Reached XP level 12. HP: 121/131 MP: 18/18
 18382 | D:11     | Noticed a two-headed ogre
 18393 | D:11     | Reached skill level 12 in Fighting
 18395 | D:11     | Killed a two-headed ogre
 19157 | D:12     | Found Natapif's Armour Shop.
 19273 | D:12     | Noticed a two-headed ogre
 19281 | D:12     | Killed a two-headed ogre
 20128 | Lair:1   | Noticed an eight-headed hydra
 20150 | Lair:1   | Killed a three-headed hydra
 20151 | Lair:1   | Reached skill level 10 in Polearms
 21884 | Lair:2   | Noticed an eight-headed hydra
 22204 | Lair:2   | Noticed a six-headed hydra
 22215 | Lair:2   | Killed a six-headed hydra
 22635 | Lair:2   | Found a runed translucent gate.
 22636 | Lair:2   | Found a runed translucent gate.
 22665 | Lair:2   | Noticed a catoblepas
 22666 | Lair:2   | Noticed an eight-headed hydra
 22687 | Lair:2   | Found a runed translucent gate.
 22695 | Lair:2   | Noticed a quicksilver ooze
 23383 | D:12     | Noticed a centaur warrior
 23671 | D:12     | Found a shimmering blue altar of Sif Muna.
 23758 | D:12     | Reached XP level 13. HP: 49/141 MP: 6/20
 24084 | D:12     | Reached skill level 13 in Fighting
 24284 | D:12     | Found a staircase to the Orcish Mines.
 24608 | Orc:1    | Entered Level 1 of the Orcish Mines
 24702 | Orc:2    | Entered Level 2 of the Orcish Mines
 24840 | Orc:1    | Reached ***** piety under the Shining One
 24879 | Orc:1    | Found Louc's Antique Weapon Shop.
 24966 | Orc:2    | Reached skill level 10 in Invocations
 25223 | Orc:2    | Paralysed by an orc sorcerer for 6 turns
 25228 | Orc:2    | HP: 1/144 [sun demon[an orc sorcerer] (9)]
 25228 | Orc:2    | Demolished by a sun demon

Illustrated notes

Levels and vault maps discovered:
D:1:      enne_arrival_octagon_isle, layout_basic, basic_ecumenical_altar,
          minmay_pentomino_x4
D:2:      layout_rooms, chequers_serial_rivers_room_a, uniq_jessica,
          uniq_crazy_yiuf_cottage, uniq_robin
D:3:      layout_basic, nzn_hepliaklqana_mist_gate,
          gammafunk_temple_overflow_pools
D:4:      layout_cave_pools, minmay_temple_entry_statues, kennysheep_path_1,
          kennysheep_opposing_triangles
D:5:      lemuel_ratsnest, layout_rooms, serial_shops, shop,
          gammafunk_ghost_split
D:6:      layout_basic, kennysheep_mini_moat, uniq_duvessa, uniq_grinder
D:7:      layout_rooms, kennysheep_mini, gammafunk_ghost_arena, uniq_joseph,
          uniq_menkaure
D:8:      layout_loops_corners, general_overflow_altar, serial_shops,
          nicolae_shop_behind_doors, kennysheep_small_circle, uniq_psyche
D:9:      layout_irregular_city, gammafunk_temple_overflow_elements,
          lair_entry_dummy, minmay_microvault
D:10:     layout_stronghold
D:11:     layout_stronghold, nrook_mini_backslash
D:12:     layout_roguey, david_orc_3, serial_shops, shop,
          nicolae_shop_behind_doors, shop_statue, shop, minivault_4,
          lemuel_blue_sif_altar
Temple:   dpeg_chambers_temple
Lair:1:   layout_chaotic_city, nicolae_volcano_entry_batcave,
          beast_lair_carwin_5
Lair:2:   nzn_winding_woodlands_medium [nzn_winding_woodlands_5x5_closed_star,
          nzn_winding_woodlands_5x15_pockets, nzn_winding_woodlands_hourglass,
          nzn_winding_woodlands_5x5_perimeter,
          nzn_winding_woodlands_center_triple_pond,
          nzn_winding_woodlands_5x5_default, nzn_winding_woodlands_5x5_default,
          nzn_winding_woodlands_5x15_split_checker,
          nzn_winding_woodlands_5x5_three], layout_gridlike,
          minmay_shoals_entry_beasts, gammafunk_ghost_ooze
Lair:3:   layout_big_grid
Orc:1:    layout_caves, serial_shops, shop, mines5_lemuel
Orc:2:    st_orc_congregation, layout_caves, serial_shops, shop_fountains,
          minmay_orc_temple_a

Skill      XL: |  1  2  3  4  5  6  7  8  9 10 11 12 13 |
---------------+----------------------------------------+-----
Fighting       | 3 4 5 6 7 9 10 11 12 13 | 13.1
Polearms       | 3 4 5 6 7 8 9 10 | 10.5
Dodging        | 3 4 5 6 7 8 9 |  9.7
Invocations    | 1 3 5 6 8 9 10 | 10.0
Translocations | 4 5 6 7 8 |  8.9
Throwing       | |  1.0
Spellcasting   | |  2.4

Action                   |  1- 3 |  4- 6 |  7- 9 | 10-12 | 13-15 || total
-------------------------+-------+-------+-------+-------+-------++-------
Melee: Spear             |    76 |       |       |       |       ||    76
       Dagger            |    17 |    41 |    62 |     3 |       ||   123
       Club              |     5 |   101 |   142 |       |       ||   248
       Short sword       |       |       |   148 |    56 |       ||   204
       Flail             |       |       |       |   306 |       ||   306
       Giant spiked club |       |       |       |   128 |    56 ||   184
       Battleaxe         |       |       |       |    32 |       ||    32
Throw: Javelin           |       |     7 |       |     6 |       ||    13
       Boomerang         |       |     5 |       |     4 |       ||     9
       Dart              |       |       |    17 |    14 |       ||    31
       Large rock        |       |       |       |    14 |       ||    14
       Throwing net      |       |       |       |     2 |       ||     2
 Cast: Blink             |       |     1 |     1 |    20 |       ||    22
       Teleport Other    |       |     1 |       |     3 |       ||     4
       Manifold Assault  |       |       |       |    41 |     5 ||    46
Invok: Cleansing Flame   |       |       |       |     2 |       ||     2
Evoke: Wand              |       |       |     9 |    45 |       ||    54
  Use: Scroll            |       |     3 |    17 |    14 |     1 ||    35
       Potion            |       |     1 |     5 |     8 |       ||    14
Armor: Robe              |    37 |    43 |    94 |    69 |       ||   243
       Troll leather arm |       |       |       |   123 |       ||   123
       Steam dragon scal |       |       |       |    54 |    31 ||    85
Dodge: Dodged            |    51 |    89 |   210 |   365 |    44 ||   759
Block: Other             |       |       |       |   158 |    23 ||   181
       Reflection        |       |       |       |     5 |     1 ||     6

Table legend: (Time is in decaauts)
 A = Elapsed time spent in this place.
 B = Non-inter-level travel time spent in this place.
 C = Inter-level travel time spent in this place.
 D = Time resting spent in this place.
 E = Time spent auto-exploring this place.
 F = Levels seen in this place.
 G = Mean time per level.
                   A        B        C        D        E       F      G
               +--------+--------+--------+--------+--------+-----+--------+
         Total |  25700 |  24860 |    840 |  10424 |   9424 |  19 | 1352.6 |
       Dungeon |  20905 |  20185 |    720 |   8015 |   8629 |  12 | 1742.1 |
        Temple |      1 |      1 |      0 |      0 |      0 |   1 |    1.0 |
          Lair |   3409 |   3300 |    109 |   1829 |    588 |   3 | 1136.3 |
  Orcish Mines |    657 |    646 |     11 |    383 |     58 |   2 |  328.5 |
       Volcano |    725 |    725 |      0 |    196 |    149 |   1 |  725.0 |
               +--------+--------+--------+--------+--------+-----+--------+

Top non-repeatable levels by time:
     D:8: 3749 daAuts
  Lair:1: 2644 daAuts
     D:9: 2153 daAuts
     D:6: 2038 daAuts
    D:10: 2001 daAuts
    D:11: 1960 daAuts
     D:5: 1732 daAuts
     D:1: 1505 daAuts
     D:4: 1379 daAuts
     D:2: 1186 daAuts
     D:3: 1151 daAuts
    D:12: 1095 daAuts
     D:7: 951 daAuts
  Lair:2: 747 daAuts
 Volcano: 725 daAuts
